 Dungeon Crawl Stone Soup version 0.30.1-4-g462c640d31 (webtiles) character file.

Game seed: 15432182625347882977

7354 arthad the Arsonist (level 11, -3/83 HPs)
             Began as a Gnoll Wanderer on Aug 31, 2023.
             Was a High Priest of Okawaru.
             Slain by an ice beast (12 damage)
             ... summoned by Fannar
             ... on level 10 of the Dungeon.
             The game lasted 00:35:05 (12679 turns).

arthad the Arsonist (Gnoll Wanderer)               Turns: 12679, Time: 00:35:06

Health: -3/83      AC: 16    Str: 10    XL:     11   Next: 13%
Magic:  1/23       EV: 13    Int: 16    God:    Okawaru [*****.]
Gold:   804        SH:  0    Dex: 13    Spells: 9/26 levels left

rFire   + . .        b - +8 trident of Waxzuagome {heavy, rPois}
rCold   . . .        (no shield)
rNeg    . . .        o - +4 ring mail {rC+}
rPois   +            J - +0 helmet
rElec   .            C - +0 cloak
rCorr   .            (no gloves)
SInv    .            X - +2 pair of boots
Will    .....        E - amulet of the acrobat
Stlth   ++           M - ring of wizardry
HPRegen 0.33/turn    R - ring of fire
MPRegen 0.18/turn

%: acrobat, wizardry (x1)
@: no status effects
A: fangs 1, strong nose, distributed training
a: Renounce Religion, Heroism, Finesse, Duel


You were on level 10 of the Dungeon.
You worshipped Okawaru.
Okawaru was extremely pleased with you.
You visited 1 branch of the dungeon, and saw 10 of its levels.

You collected 891 gold pieces.
You spent 87 gold pieces at shops.

Inventory:

Hand Weapons
 b - the +8 trident of Waxzuagome (weapon) {heavy, rPois}
   (You found it on level 9 of the Dungeon)

   rPois:     It protects you from poison.
 L - a +2 flail of protection
 P - a +0 lajatang
 S - a +1 broad axe
 W - a +3 long sword of freezing
Missiles
 y - 6 boomerangs
 A - 30 poisoned darts
 N - 2 javelins
 Y - a throwing net
 Z - 5 atropa-tipped darts
Armour
 c - a +0 kite shield
 g - a +1 scale mail of cold resistance
 i - a +0 leather armour of fire resistance
 o - a +4 ring mail of cold resistance (worn)
 C - a +0 cloak (worn)
 J - a +0 helmet (worn)
 X - a +2 pair of boots (worn)
Magical Staves
 a - a staff of conjuration
 r - a staff of cold
 O - a staff of poison
Jewellery
 E - an amulet of the acrobat (around neck)
 M - a ring of wizardry (left hand)
 R - a ring of fire (right hand)
 U - a ring of see invisible
Wands
 u - a wand of digging (9)
 D - a wand of paralysis (15)
 K - a wand of polymorph (7)
 T - a wand of iceblast (9)
Scrolls
 d - 2 scrolls of fog
 e - 9 scrolls of teleportation
 l - a scroll of silence
 m - a scroll of noise
 p - 4 scrolls of poison
 s - a scroll of amnesia
 t - 2 scrolls of fear
 w - a scroll of magic mapping
 B - a scroll of enchant armour
 G - 3 scrolls of immolation
 I - 2 scrolls of blinking
Potions
 f - 3 potions of brilliance {unknown}
 h - a potion of flight {unknown}
 j - 4 potions of resistance
 k - 3 potions of degeneration {unknown}
 n - 3 potions of mutation {unknown}
 q - 4 potions of lignification {unknown}
 v - a potion of ambrosia {unknown}
 x - 3 potions of heal wounds {unknown}
 z - 3 potions of attraction {unknown}
 F - 9 potions of curing {unknown}
 H - 3 potions of might {unknown}
 Q - a potion of haste
 V - a potion of invisibility {unknown}


   Skills:
 + Level 6.8 Fighting
 + Level 6.2 Short Blades
 + Level 6.2 Long Blades
 + Level 6.2 Axes
 + Level 6.2 Maces & Flails
 + Level 6.2 Polearms
 + Level 6.2 Staves
 + Level 6.2 Ranged Weapons
 + Level 6.2 Throwing
 + Level 6.2 Armour
 + Level 7.8 Dodging
 + Level 6.2 Stealth
 + Level 6.2 Shields
 + Level 6.2 Unarmed Combat
 + Level 8.1 Spellcasting
 + Level 5.1 Conjurations
 + Level 5.1 Hexes
 + Level 5.1 Summonings
 + Level 5.1 Necromancy
 + Level 5.6 Translocations
 + Level 5.1 Transmutations
 + Level 8.9 Fire Magic
 + Level 5.1 Ice Magic
 + Level 5.1 Air Magic
 + Level 5.1 Earth Magic
 + Level 5.1 Poison Magic
 + Level 6.8 Invocations
 + Level 6.2 Evocations


You had 9 spell levels left.
You knew the following spells:

 Your Spells              Type           Power      Damage    Failure   Level
a - Foxfire               Conj/Fire      100%       2x1d9     1%          1
b - Scorch                Fire           100%       2d9       1%          2
c - Volatile Blastmotes   Fire/Tloc      88%        2d17      1%          3
d - Gell's Gravitas       Tloc           24%        N/A       3%          3
e - Dispel Undead         Necr           23%        3d12      12%         4
f - Fulminant Prism       Conj/Hex       11%        3d9       12%         4

Your spell library contained the following spells:

 Spells                   Type           Power      Damage    Failure   Level
 Apportation              Tloc           48%        N/A       1%          1
 Kiss of Death            Conj/Necr      92%        2d12      1%          1
 Magic Dart               Conj           92%        1d7       1%          1
 Lesser Beckoning         Tloc           48%        N/A       1%          2
 Searing Ray              Conj           46%        2d6       1%          2
 Confusing Touch          Hex            23%        N/A       3%          3
 Teleport Other           Tloc           24%        N/A       3%          3
 Animate Armour           Summ/Erth      Unusable   N/A       N/A         4
 Summon Lightning Spire   Summ/Air       Unusable   N/A       N/A         4
 Dragon's Call            Summ           Unusable   N/A       N/A         9

Dungeon Overview and Level Annotations

Branches:
Dungeon (10/15)            Temple (0/1) D:7            Lair (0/5) D:9
    Orc: D:9-12

Altars:
Ashenzari
Hepliaklqana
Kikubaaqudgha
Okawaru
Sif Muna

Shops:
D:1 =[(*   D:3 =

Annotations:
D:10 Fannar


Innate Abilities, Weirdness & Mutations

You have very sharp teeth.
Your uncanny sense of smell can sniff out nearby items.
Your experience applies equally to all skills.


Message History

The mass of ice explodes!
The iceblast engulfs Fannar.
Fannar partially resists.
Fannar is almost dead.
The iceblast engulfs the ice beast!
The ice beast partially resists.
The ice beast is moderately wounded.
Fannar points at you and mumbles some strange words.
The bolt of cold misses you.
Okay, then.
Unknown command.
You are too injured to fight recklessly!
Casting: Foxfire (safe; 1% risk of failure)
Press: ? - help, Q - select action, (/) - cycle Dir - look around, f - activate You feel a strong surge of power!
You conjure some foxfire!
Fannar casts a spell.
Casting: Foxfire (safe; 1% risk of failure)
Press: ? - help, Q - select action, (/) - cycle Dir - look around, f - activate You feel a strong surge of power!
You conjure some foxfire!
The foxfire hits the ice beast.
The ice beast melts!
The ice beast is lightly wounded.
The foxfire hits the ice beast!
The ice beast melts!
The ice beast is heavily wounded.
Fannar gestures wildly while chanting.
Fannar blinks!
The ice beast barely misses you.
You don't have enough magic to cast this spell.
b - the +8 trident of Waxzuagome (weapon)
{heavy, rPois} The foxfire hits Fannar but does no damage.
Fannar is almost dead.
The foxfire hits Fannar.
Fannar is almost dead.
Fannar casts a spell at you. The bolt of cold hits you!!
* * * LOW HITPOINT WARNING * * *
The bolt of cold hits the ice beast.
The ice beast completely resists.
The bolt of cold hits the ice beast.
The ice beast completely resists.
You closely miss Fannar.
Fannar is almost dead.
The ice beast hits you.
* * * LOW HITPOINT WARNING * * *
The ice beast freezes you!
You die...

#....###...####...
###.##.##.........##
#..>##.##........##
##.####...)#.........
#...###...##......##.
###.#......#......#
##.....##....#####
###..Y.#######.######
#...e@Y§Y...........#
#.....#######....##...
#...####..............
....# #.......###...#
...# #...^.... .###
..# .~..≈.~~# # .
~♣~....♣. #.♣~~.♣ ≈
~≈~.~≈ §


You could see Fannar and 3 ice beasts.

Vanquished Creatures
  2 two-headed ogres
  A troll (D:9)
  A hornet (D:7)
  Grinder (D:5)
  A vampire (D:9)
  2 wraiths (D:10)
  2 wyverns (D:9)
  Edmund (D:4)
  Duvessa (D:5)
  A water moccasin (D:6)
  2 ice beasts (D:8)
  2 orc warriors
  3 black bears
  2 sky beasts (D:6)
  3 ogres
  3 centaurs
  A phantom (D:6)
  2 kobold brigands
  2 scorpions (D:5)
  2 gnoll sergeants
  7 bullfrogs
  7 wights
  Dowan (D:5)
  13 killer bees
  2 howler monkeys
  2 gnoll boudas
  2 jellies
  5 hounds
  7 orc priests
  A sleepcap (D:5)
  Ijyb (D:3)
  5 iguanas
  Natasha (thrice) (D:4)
  2 orc wizards
  12 adders
  16 gnolls
  A shadow imp (D:5)
  4 white imps
  A dart slug (D:2)
  33 orcs
  5 endoplasms
  A giant cockroach (D:3)
  8 goblins
  12 hobgoblins
  5 jackals (D:1)
  6 quokkas
  9 ball pythons
  2 bats
  3 frilled lizards
  56 kobolds
  7 rats
274 creatures vanquished.

Vanquished Creatures (others)
  1115 foxfires
  A fulminant prism (D:10)
1116 creatures vanquished.

Grand Total: 1390 creatures vanquished

Notes
Turn   | Place    | Note
-------+----------+-------------------------------------------
     0 | D:1      | arthad the Gnoll Wanderer began the quest for the Orb.
     0 | D:1      | arthad set off with the following items: a +0 dagger, a
                  | scroll of blinking, a +0 robe, a scroll of fog; and the
                  | following spells available to memorise: Scorch, Foxfire,
                  | Apportation, Volatile Blastmotes, Gell's Gravitas.
     0 | D:1      | Reached XP level 1. HP: 17/17 MP: 6/6
     2 | D:1      | Learned a level 1 spell: Foxfire
   180 | D:1      | Reached XP level 2. HP: 23/23 MP: 3/7
   290 | D:1      | Found Uhoruf's Jewellery Emporium.
   354 | D:1      | Learned a level 2 spell: Scorch
   636 | D:1      | Found Hanniuli's Antique Armour Boutique.
   689 | D:1      | Found Xuasoriz's Assorted Antiques.
   695 | D:1      | Reached skill level 5 in Spellcasting
   695 | D:1      | Reached XP level 3. HP: 19/28 MP: 5/9
   733 | D:1      | Bought a scroll labelled RUQUGR OLO KOTH for 24 gold pieces
   890 | D:1      | Found Naizuachu's Weapon Shoppe.
  1250 | D:2      | Reached skill level 1 in Invocations
  1307 | D:2      | Reached skill level 1 in Short Blades
  1307 | D:2      | Reached skill level 1 in Long Blades
  1307 | D:2      | Reached skill level 1 in Axes
  1307 | D:2      | Reached skill level 1 in Maces & Flails
  1307 | D:2      | Reached skill level 1 in Polearms
  1307 | D:2      | Reached skill level 1 in Staves
  1307 | D:2      | Reached skill level 1 in Ranged Weapons
  1307 | D:2      | Reached skill level 1 in Throwing
  1307 | D:2      | Reached skill level 1 in Armour
  1307 | D:2      | Reached skill level 1 in Stealth
  1307 | D:2      | Reached skill level 1 in Shields
  1307 | D:2      | Reached skill level 1 in Unarmed Combat
  1307 | D:2      | Reached skill level 1 in Evocations
  1427 | D:2      | Reached XP level 4. HP: 34/34 MP: 3/11
  1520 | D:2      | Reached skill level 1 in Conjurations
  1520 | D:2      | Reached skill level 1 in Hexes
  1520 | D:2      | Reached skill level 1 in Summonings
  1520 | D:2      | Reached skill level 1 in Necromancy
  1520 | D:2      | Reached skill level 1 in Transmutations
  1520 | D:2      | Reached skill level 1 in Ice Magic
  1520 | D:2      | Reached skill level 1 in Air Magic
  1520 | D:2      | Reached skill level 1 in Earth Magic
  1520 | D:2      | Reached skill level 1 in Poison Magic
  1591 | D:2      | Found an ancient bone altar of Kikubaaqudgha.
  1913 | D:2      | Reached XP level 5. HP: 40/40 MP: 7/12
  2975 | D:3      | Found Ummuhy's Jewellery Shoppe.
  3016 | D:3      | Found a shimmering blue altar of Sif Muna.
  3023 | D:3      | Noticed Ijyb
  3032 | D:3      | Killed Ijyb
  3475 | D:4      | Noticed Natasha
  3483 | D:4      | Killed Natasha
  3484 | D:4      | Reached XP level 6. HP: 47/47 MP: 7/14
  3564 | D:4      | Reached skill level 5 in Dodging
  3573 | D:4      | Noticed Natasha
  3580 | D:4      | Killed Natasha
  3744 | D:4      | Noticed a black bear
  3749 | D:4      | Got the Volume of Company
  3779 | D:4      | Killed a black bear
  3780 | D:4      | Reached XP level 7. HP: 52/52 MP: 6/15
  3892 | D:4      | Noticed Natasha
  3897 | D:4      | Killed Natasha
  4413 | D:5      | Entered Level 5 of the Dungeon
  4413 | D:5      | Noticed Grinder
  4413 | D:5      | Noticed Edmund
  4470 | D:5      | Found a hazy altar of Hepliaklqana.
  4634 | D:1      | Bought a silvery potion for 21 gold pieces
  4634 | D:1      | Bought a golden potion for 21 gold pieces
  4634 | D:1      | Bought a silvery potion for 21 gold pieces
  4733 | D:4      | Killed Edmund
  4853 | D:5      | Killed Grinder
  4854 | D:5      | Reached XP level 8. HP: 56/60 MP: 9/16
  4922 | D:5      | Found an iron altar of Okawaru.
  4956 | D:5      | Became a worshipper of Warmaster Okawaru
  4984 | D:5      | Noticed Duvessa
  5028 | D:5      | Noticed Dowan
  5052 | D:5      | Killed Duvessa
  5055 | D:5      | Killed Dowan
  5774 | D:5      | Reached * piety under Okawaru
  6196 | D:5      | Learned a level 3 spell: Volatile Blastmotes
  6200 | D:5      | Learned a level 3 spell: Gell's Gravitas
  6379 | D:5      | Reached XP level 9. HP: 64/66 MP: 4/18
  7352 | D:6      | Reached skill level 5 in Fighting
  7872 | D:6      | Reached ** piety under Okawaru
  7956 | D:6      | Reached skill level 5 in Invocations
  8794 | D:7      | Reached skill level 5 in Short Blades
  8794 | D:7      | Reached skill level 5 in Long Blades
  8794 | D:7      | Reached skill level 5 in Axes
  8794 | D:7      | Reached skill level 5 in Maces & Flails
  8794 | D:7      | Reached skill level 5 in Polearms
  8794 | D:7      | Reached skill level 5 in Staves
  8794 | D:7      | Reached skill level 5 in Ranged Weapons
  8794 | D:7      | Reached skill level 5 in Throwing
  8794 | D:7      | Reached skill level 5 in Armour
  8794 | D:7      | Reached skill level 5 in Stealth
  8794 | D:7      | Reached skill level 5 in Shields
  8794 | D:7      | Reached skill level 5 in Unarmed Combat
  8794 | D:7      | Reached skill level 5 in Evocations
  8794 | D:7      | Reached XP level 10. HP: 76/76 MP: 4/20
  9129 | D:7      | Found a broken altar of Ashenzari.
  9246 | D:7      | Reached *** piety under Okawaru
  9785 | D:7      | Found a staircase to the Ecumenical Temple.
 10634 | D:8      | Reached skill level 5 in Translocations
 11115 | D:9      | Reached **** piety under Okawaru
 11176 | D:9      | Noticed a two-headed ogre
 11187 | D:9      | Killed a two-headed ogre
 11189 | D:9      | Identified the +8 trident of Waxzuagome {heavy, rPois}
 11461 | D:9      | Found a staircase to the Lair.
 12219 | D:10     | Entered Level 10 of the Dungeon
 12219 | D:10     | Noticed a two-headed ogre
 12227 | D:10     | Killed a two-headed ogre
 12227 | D:10     | Reached ***** piety under Okawaru
 12228 | D:10     | Reached skill level 5 in Conjurations
 12228 | D:10     | Reached skill level 5 in Hexes
 12228 | D:10     | Reached skill level 5 in Summonings
 12228 | D:10     | Reached skill level 5 in Necromancy
 12228 | D:10     | Reached skill level 5 in Transmutations
 12228 | D:10     | Reached skill level 5 in Ice Magic
 12228 | D:10     | Reached skill level 5 in Air Magic
 12228 | D:10     | Reached skill level 5 in Earth Magic
 12228 | D:10     | Reached skill level 5 in Poison Magic
 12228 | D:10     | Reached XP level 11. HP: 56/83 MP: 12/23
 12248 | D:10     | Learned a level 4 spell: Dispel Undead
 12253 | D:10     | Learned a level 4 spell: Fulminant Prism
 12394 | D:10     | Received a gift from Okawaru
 12655 | D:10     | Noticed Fannar
 12679 | D:10     | Slain by an ice beast

Illustrated notes

Levels and vault maps discovered:
D:1:      dpeg_arrival_rhombi, layout_loops_cross, serial_shops, shop,
          nicolae_shop_trees, nicolae_shop_pleasant_corner_grove,
          nicolae_shop_gaudy_bauble
D:2:      layout_rooms, basic_altar, minivault_5, minivault_23, minivault_25,
          wad_floor_pattern_untrapped, nicolae_elevator_lobby_plus
D:3:      layout_basic, nicolae_sif_muna_condensation, serial_shops,
          nicolae_shop_real_fake_doors, uniq_ijyb
D:4:      layout_loops_ring, minmay_bent, uniq_natasha
D:5:      minmay_goblin_kobold_castle, layout_loops_corners,
          nzn_hepliaklqana_mist_gate, mainiacjoe_overflow_cross_hatched,
          kennysheep_opposing_triangles, uniq_grinder, uniq_duvessa, uniq_edmund
D:6:      kennysheep_spiral_hall, layout_loops_cross
D:7:      layout_basic, kennysheep_mini_moat, temple_green,
          kennysheep_generic_room_6
D:8:      layout_rooms
D:9:      layout_irregular_city, dpeg_oklobed_lair
D:10:     layout_rooms, serial_rivers, chequers_serial_rivers_small_3,
          chequers_serial_rivers_small_3, chequers_serial_rivers_micro_e,
          chequers_serial_rivers_marsh, roderic_roman_lattice, uniq_fannar

Skill      XL: |  1  2  3  4  5  6  7  8  9 10 |
---------------+-------------------------------+-----
Translocations | 2 3 4 5 |  5.6
Spellcasting   | 5 6 7 8 |  8.1
Invocations    | 1 2 3 4 5 6 |  6.8
Short Blades   | 1 2 3 5 6 |  6.2
Long Blades    | 1 2 3 5 6 |  6.2
Axes           | 1 2 3 5 6 |  6.2
Maces & Flails | 1 2 3 5 6 |  6.2
Polearms       | 1 2 3 5 6 |  6.2
Staves         | 1 2 3 5 6 |  6.2
Ranged Weapons | 1 2 3 5 6 |  6.2
Throwing       | 1 2 3 5 6 |  6.2
Armour         | 1 2 3 5 6 |  6.2
Stealth        | 1 2 3 5 6 |  6.2
Shields        | 1 2 3 5 6 |  6.2
Unarmed Combat | 1 2 3 5 6 |  6.2
Evocations     | 1 2 3 5 6 |  6.2
Conjurations   | 1 2 3 4 5 |  5.1
Hexes          | 1 2 3 4 5 |  5.1
Summonings     | 1 2 3 4 5 |  5.1
Necromancy     | 1 2 3 4 5 |  5.1
Transmutations | 1 2 3 4 5 |  5.1
Ice Magic      | 1 2 3 4 5 |  5.1
Air Magic      | 1 2 3 4 5 |  5.1
Earth Magic    | 1 2 3 4 5 |  5.1
Poison Magic   | 1 2 3 4 5 |  5.1
Fighting       | 3 4 5 6 |  6.8
Dodging        | 5 6 7 |  7.8
Fire Magic     | 8 |  8.9

Action                     |  1- 3 |  4- 6 |  7- 9 | 10-12 || total
---------------------------+-------+-------+-------+-------++-------
  Melee: Dagger            |    13 |     8 |     3 |       ||    24
         Bite              |     1 |     1 |     1 |       ||     3
         Staff             |       |       |    24 |     6 ||    30
         Punch             |       |       |     1 |       ||     1
         Trident           |       |       |       |     5 ||     5
  Throw: Dart              |       |       |     2 |       ||     2
   Cast: Foxfire           |    60 |    97 |   324 |   177 ||   658
         Scorch            |       |    12 |    45 |    30 ||    87
         Volatile Blastmot |       |       |       |    10 ||    10
         Gell's Gravitas   |       |       |       |     1 ||     1
         Fulminant Prism   |       |       |       |     1 ||     1
  Evoke: Wand              |       |       |     3 |     1 ||     4
    Use: Scroll            |       |       |     5 |     7 ||    12
         Potion            |       |       |     1 |       ||     1
   Stab: Paralysed         |       |       |     7 |       ||     7
 Armour: Leather armour    |     6 |     4 |     2 |       ||    12
         Robe              |     1 |       |       |       ||     1
         Ring mail         |       |       |    35 |    40 ||    75
  Dodge: Dodged            |    22 |    22 |    73 |    83 ||   200
